 Dungeon Crawl Stone Soup version 0.30-a0-782-ge64f9170bb (webtiles) character file.

Game seed: 15305226855515828225

73 Leeroy the Slasher (level 4, -5/23 HPs)
             Began as a Vine Stalker Warper on Feb 19, 2023.
             Killed by divine providence
             ... invoked by an orc priest
              (11 damage)
             ... on level 4 of the Dungeon.
             The game lasted 00:02:10 (1451 turns).

Leeroy the Slasher (Vine Stalker Warper)            Turns: 1451, Time: 00:02:10

Health: -5/23      AC:  4    Str: 13    XL:     4   Next: 27%
Magic:  0/17       EV: 12    Int: 13    God:
Gold:   73         SH:  0    Dex: 22    Spells: 2/7 levels left

rFire   . . .      SeeInvis .    j - +0 long sword
rCold   . . .      Faith    .    o - orb {*channel}
rNeg    . . .      Spirit   +    b - +0 leather armour
rPois   .          Reflect  .    (no helmet)
rElec   .          Harm     .    (no cloak)
rCorr   .          Rampage  .    h - +0 pair of gloves
Will    .....                    (no boots)
Stlth   ++                       (no amulet)
HPRegen 1.03/turn                p - +6 ring of dexterity
MPRegen 0.15/turn                r - ring of magical power

@: no status effects
A: fangs 2, regeneration 1, magic shield, antimagic bite, no potion heal 2
a: no special abilities


You were on level 4 of the Dungeon.
You visited 1 branch of the dungeon, and saw 3 of its levels.

You collected 73 gold pieces.

Inventory:

Hand Weapons
 a - a +0 falchion
 g - a +0 short sword
 j - a +0 long sword (weapon)
 n - a +1 heavy mace
Missiles
 d - 7 boomerangs of dispersal (quivered)
 f - 12 poisoned darts
Armour
 b - a +0 leather armour (worn)
 h - a +0 pair of gloves (worn)
 o - an orb of energy (worn)
Jewellery
 e - a ring of wizardry
 p - a +6 ring of dexterity (left hand)
 r - a ring of magical power (right hand)
Scrolls
 c - 2 scrolls of blinking
 l - 3 scrolls of identify {unknown}
 q - a scroll of fog {unknown}
 s - a scroll of magic mapping {unknown}
 t - a scroll of teleportation {unknown}
Potions
 i - 2 potions of might {unknown}
 k - 3 potions of brilliance {unknown}
 m - a potion of flight {unknown}
 u - 2 potions of mutation {unknown}
 v - a potion of cancellation {unknown}


   Skills:
 - Level 1.7 Fighting
 + Level 4.0 Long Blades
 - Level 0.8 Throwing
 - Level 0.7 Armour
 - Level 1.5 Dodging
 - Level 2.1 Spellcasting
 - Level 3.0 Translocations


You had 2 spell levels left.
You knew the following spells:

 Your Spells              Type           Power      Damage    Failure   Level
a - Blink                 Tloc           18%        N/A       14%         2
b - Vhi's Electric Charg  Tloc/Air       10%        N/A       45%         3

Your spell library contained the following spells:

 Spells                   Type           Power      Damage    Failure   Level
 Lesser Beckoning         Tloc           18%        N/A       14%         2
 Teleport Other           Tloc           9%         N/A       28%         3
 Manifold Assault         Tloc           9%         N/A       67%         4


Dungeon Overview and Level Annotations

Branches:
Dungeon (2/15)

Altars:

Shops:
D:1 =

Annotations:
D:2 Natasha, Sigmund


Innate Abilities, Weirdness & Mutations

You have extremely sharp teeth.
Your natural rate of healing is unusually fast.
When hurt, damage is shared between your health and your magic reserves.
Your bite disrupts and absorbs the magic of your enemies.
Potions cannot restore your health.


Message History

v - a puce potion An orc comes into view.
It is wielding a +0 hand axe.
Found 3 stones.
The orc shouts!
An orc priest comes into view. It is wielding a +0 morningstar.
The orc moves out of view.
An orc priest is nearby!
An orc comes into view. It is wielding a +0 hand axe.
The orc shouts!
The orc moves out of view.
The orc priest shouts!
The orc closely misses you.
You hit the orc. You bite the orc.
You kill the orc!
The orc hits you but does no damage.
The orc priest mumbles some strange prayers to Beogh against you.
Beogh smites you!
You completely miss the orc. Your bite misses the orc.
The orc hits you with a +0 hand axe.
You closely miss the orc priest. Your bite misses the orc priest.
The orc hits you with a +0 hand axe.
The orc priest hits you with a +0 morningstar.
You hit the orc priest.
You bite the orc priest, but do no damage.
The orc priest is lightly wounded.
The orc misses you. The orc priest closely misses you.
You slash the orc priest!
The orc priest is severely wounded.
The orc hits you with a +0 hand axe.
The orc priest invokes the aid of Beogh against you.
Pain shoots through your body!
* * * LOW HITPOINT WARNING * * *
You are too injured to fight recklessly!
You hit the orc.
The orc is lightly wounded.
The orc hits you with a +0 hand axe.
* * * LOW HITPOINT WARNING * * *
The orc priest mumbles some strange prayers to Beogh against you.
Beogh smites you!
You die...

..#####'###### ........... .
#...........#...............
#...........#...............
#...........+(..............
...###'#########...............
................................
.................########.......
........>.......o'..... +.......
...............@o# ....
.................#
.................#
........###+#....... .......
#........ ...... #......... ....
#......... ###+######


You could see an orc priest and an orc.

Vanquished Creatures
  Natasha (D:2)
  An adder (D:2)
  A worm (D:4)
  A dart slug (D:2)
  An orc (D:4)
  A bat (D:2)
  3 endoplasms (D:2)
  2 giant cockroaches
  2 goblins (D:1)
  5 hobgoblins
  3 kobolds
  2 quokkas
  5 ball pythons
  A frilled lizard (D:1)
  2 rats (D:1)
31 creatures vanquished.

Notes
Turn   | Place    | Note
-------+----------+-------------------------------------------
     0 | D:1      | Leeroy the Vine Stalker Warper began the quest for the Orb.
     0 | D:1      | Reached XP level 1. HP: 11/11 MP: 4/4
    84 | D:1      | Reached skill level 2 in Long Blades
   261 | D:1      | Reached XP level 2. HP: 15/15 MP: 6/6
   302 | D:1      | Found Kuloe's Jewellery Shop.
   923 | D:2      | Reached skill level 3 in Long Blades
   958 | D:2      | Learned a level 2 spell: Blink
   979 | D:2      | Reached XP level 3. HP: 12/18 MP: 5/7
   989 | D:2      | Learned a level 3 spell: Vhi's Electric Charge
  1226 | D:2      | Noticed Sigmund
  1303 | D:2      | Noticed Natasha
  1330 | D:2      | Killed Natasha
  1331 | D:2      | Gained mutation: Your natural rate of healing is unusually
                  | fast. [Vine Stalker growth]
  1331 | D:2      | Reached XP level 4. HP: 16/23 MP: 8/8
  1346 | D:2      | Noticed Natasha
  1353 | D:2      | You fall into a shaft and drop 2 floors!
  1393 | D:4      | Reached skill level 4 in Long Blades
  1451 | D:4      | Killed from afar by an orc priest

Illustrated notes

Levels and vault maps discovered:
D:1:      dpeg_arrival_simpleton_a, layout_loops_ring, serial_shops, shop
D:2:      layout_loops_ring, uniq_terence, uniq_sigmund, uniq_natasha
D:4:      layout_gridville, mainiacjoe_overflow_small_starburst,
          minmay_manual_mess

Skill      XL: |  1  2  3  4 |
---------------+-------------+-----
Long Blades    | 2 3 4 |  4.0
Fighting       | |  1.7
Throwing       | |  0.8
Armour         | |  0.7
Dodging        | |  1.5
Spellcasting   | |  2.1
Translocations | |  3.0

Action                     |  1- 3 |  4- 6 || total
---------------------------+-------+-------++-------
  Melee: Short sword       |    92 |     3 ||    95
         Falchion          |    11 |       ||    11
         Bite              |    31 |     4 ||    35
         Punch             |     2 |       ||     2
         Long sword        |       |     8 ||     8
 Armour: Leather armour    |    19 |     2 ||    21
  Dodge: Dodged            |    56 |     5 ||    61

Table legend: (Time is in decaauts)
 A = Elapsed time spent in this place.
 B = Non-inter-level travel time spent in this place.
 C = Inter-level travel time spent in this place.
 D = Time resting spent in this place.
 E = Time spent auto-exploring this place.
 F = Levels seen in this place.
 G = Mean time per level.
                   A        B        C        D        E       F      G
               +--------+--------+--------+--------+--------+-----+--------+
         Total |   1448 |   1381 |     67 |     31 |    977 |   3 |  482.7 |
       Dungeon |   1448 |   1381 |     67 |     31 |    977 |   3 |  482.7 |
               +--------+--------+--------+--------+--------+-----+--------+

Top non-repeatable levels by time:
     D:1: 828 daAuts
     D:2: 521 daAuts
     D:4: 98 daAuts
